 Dungeon Crawl Stone Soup version 0.29.0-4-gdea44cf6ec (webtiles) character file.

Game seed: 7117002232269757332

1051 qw the Cleaver (level 8, 0/48 HPs)
             Began as a Tengu Warper on Aug 28, 2022.
             Succumbed to a water moccasin's poison
             ... on level 5 of the Dungeon.
             The game lasted 00:00:37 (6455 turns).

qw the Cleaver (Tengu Warper)                       Turns: 6455, Time: 00:00:38

Health: 0/48       AC: 12    Str: 12    XL:     8   Next: 26%
Magic:  12/12      EV: 14    Int: 17    God:
Gold:   537        SH:  0    Dex:  8    Spells: 11/11 levels left

rFire   + . .      SeeInvis .   n - +2 hand axe (freeze)
rCold   . . .      Faith    .   (no shield)
rNeg    . . .      Spirit   .   e - +0 scale mail
rPois   .          Reflect  .   (helmet restricted)
rElec   .          Harm     .   j - +1 cloak "Jekluhun" {Rampage rF+ Will+++ Dex-4}
rCorr   .          Rampage  +   (no gloves)
Will    +++..                   (boots unavailable)
Stlth   ..........              (no amulet)
HPRegen 0.16/turn               d - +4 ring of protection
MPRegen 0.13/turn               h - +4 ring of evasion

@: lethally poisoned (0 -> -17), flying quickly and evasively, quick
A: beak, talons 3, nimble flight, clever 1, weak 1, noise suppression
a: no special abilities


You were on level 5 of the Dungeon.
You visited 1 branch of the dungeon, and saw 5 of its levels.
You also visited: Ossuary.

You collected 537 gold pieces.


Innate Abilities, Weirdness & Mutations

You have a beak for a mouth.
You have claws for feet.
Your magical nature lets you fly swiftly and evasively.
Your mind is acute. (Int +4, Str/Dex -1)
You are weak. (Str -2)
You passively dampen the noise of your surroundings.


   Skills:
 - Level 4.1 Fighting
 + Level 9.4 Axes
 - Level 1.0 Throwing
 - Level 2.3 Armour
 - Level 2.1 Dodging
 - Level 2.0 Spellcasting
 - Level 2.4 Translocations


You had 11 spell levels left.
You didn't know any spells.
Your spell library contained the following spells:

 Spells                   Type           Power      Damage    Failure   Level
 Blink                    Tloc           18%        N/A       50%         2
 Gell's Gravitas          Tloc           9%         N/A       75%         3
 Lesser Beckoning         Tloc           9%         N/A       75%         3
 Teleport Other           Tloc           9%         N/A       75%         3
 Manifold Assault         Tloc           9%         N/A       100%        5

Inventory:

Hand Weapons
 l - a +0 flail
 n - a +2 hand axe of freezing (weapon)
Armour
 b - a +0 chain mail
 e - a +0 scale mail (worn)
 f - a +0 cloak
 j - the +1 cloak "Jekluhun" (worn) {Rampage rF+ Will+++ Dex-4}
   (You found it on level 4 of the Dungeon)

   Dex:       It affects your dexterity (-4).
   rF:        It protects you from fire.
   Rampage:   It bestows one free step when moving towards enemies.
   Will:      It greatly increases your willpower.
Jewellery
 d - a +4 ring of protection (left hand)
 h - a +4 ring of evasion (right hand)
Scrolls
 g - 2 scrolls of identify
 m - a scroll of magic mapping {unknown}
Potions
 a - 4 potions of curing
 c - a potion of attraction {unknown}
 i - a potion of mutation
 k - a potion of haste
 r - a potion of resistance {unknown}

Dungeon Overview and Level Annotations

Branches:
Dungeon (5/15)            Ossuary (visited)
 Temple: D:4-7

Altars:
Yredelemnul


Message History

You barely miss the water moccasin. Your kick misses the water moccasin.
The water moccasin is heavily wounded.
The water moccasin misses you.
You closely miss the water moccasin.
You peck the water moccasin, but do no damage.
The water moccasin is heavily wounded.
The water moccasin bites you but does no damage.
The water moccasin bites you!
You are poisoned.
The water moccasin poisons you!
You barely miss the water moccasin. You claw the water moccasin.
The water moccasin is severely wounded.
You feel very sick. The water moccasin bites you.
You miss the water moccasin. Your kick misses the water moccasin.
Your peck misses the water moccasin.
The water moccasin is severely wounded.
You feel very sick. The water moccasin bites you.
You hit the water moccasin but do no damage.
Your kick misses the water moccasin. Your peck misses the water moccasin.
The water moccasin is severely wounded.
You feel sick. The water moccasin bites you.
You closely miss the water moccasin.
The water moccasin is heavily wounded.
You feel sick. The water moccasin misses you.
You closely miss the water moccasin.
The water moccasin is heavily wounded.
You feel sick. The water moccasin bites you.
You are lethally poisoned!
The water moccasin poisons you!
You closely miss the water moccasin. You claw the water moccasin.
You peck the water moccasin.
The water moccasin is severely wounded.
You feel very sick. The water moccasin barely misses you.
The water moccasin bites you.
You closely miss the water moccasin. Your kick misses the water moccasin.
You peck the water moccasin, but do no damage.
The water moccasin is severely wounded.
You die...

#. ...... ........
#.> ...####
.......###.##### #
............###.#
......##)......# ..
...#.#..#### . #.
#.#.##..## #.
##S###...##...## #.
#..@......#....# #.
#.........##.).####.
#..........#.#.##...
#........#...<......
#...................
#...................
#...................
#.........#.........
#......:..........


You could see a water moccasin.

Vanquished Creatures
  A steam dragon (D:5)
  An ice beast (D:4)
  A phantom (D:5)
  2 necrophages (D:5)
  2 scorpions (D:5)
  A jelly (D:5)
  A hound (D:5)
  4 iguanas
  2 orc wizards (D:5)
  9 mummies
  7 gnolls (D:4)
  2 adders (D:5)
  A worm (D:3)
  2 dart slugs
  3 orcs
  3 endoplasms
  12 giant cockroaches
  4 goblins
  4 hobgoblins
  8 jackals
  5 quokkas
  6 ball pythons
  7 bats
  3 frilled lizards
  A gnoll zombie (Ossuary)
  2 hobgoblin zombies (Ossuary)
  8 kobolds
  A kobold zombie (Ossuary)
  4 orc zombies (Ossuary)
  5 rats
112 creatures vanquished.

Vanquished Creatures (others)
  A plant (D:3)
1 creature vanquished.

Grand Total: 113 creatures vanquished

Notes
Turn   | Place    | Note
-------+----------+-------------------------------------------
     0 | D:1      | qw the Tengu Warper began the quest for the Orb.
     0 | D:1      | Reached XP level 1. HP: 12/12 MP: 4/4
     0 | D:1      | 0 ||| qw: Version: 0.1-a-89-g26bdef1
     0 | D:1      | 0 ||| qw: Game counter: 2014
     0 | D:1      | 0 ||| qw: Always use a shield: true
     0 | D:1      | 0 ||| qw: God list: Okawaru
     0 | D:1      | 0 ||| qw: Allow faded altars: false
     0 | D:1      | 0 ||| qw: Do Orc after D:15 true
     0 | D:1      | 0 ||| qw: Do second Lair branch before Depths: true
     0 | D:1      | 0 ||| qw: Lair rune preference: random
     0 | D:1      | 0 ||| qw: Plans: Normal
     0 | D:1      | 0 ||| PLANNING D:1-11
    31 | D:1      | Found a faded altar of an unknown god.
    79 | D:1      | 79 ||| Stepping ~*~*~tactically~*~*~ (stealth).
    80 | D:1      | 80 ||| Stepping ~*~*~tactically~*~*~ (stealth).
   340 | D:1      | Reached XP level 2. HP: 17/17 MP: 6/6
   376 | D:1      | Reached skill level 3 in Axes
   544 | D:1      | HP: 3/17 [jackal (2)]
   697 | D:1      | 697 ||| Stepping ~*~*~tactically~*~*~ (stealth).
   698 | D:1      | 698 ||| Stepping ~*~*~tactically~*~*~ (stealth).
   714 | D:1      | 714 ||| Stepping ~*~*~tactically~*~*~ (stealth).
   770 | D:1      | 770 ||| Stepping ~*~*~tactically~*~*~ (stealth).
   780 | D:1      | 780 ||| Stepping ~*~*~tactically~*~*~ (stealth).
   781 | D:1      | 781 ||| Stepping ~*~*~tactically~*~*~ (stealth).
   792 | D:1      | 792 ||| Stepping ~*~*~tactically~*~*~ (stealth).
   793 | D:1      | 793 ||| Stepping ~*~*~tactically~*~*~ (stealth).
   794 | D:1      | 794 ||| Stepping ~*~*~tactically~*~*~ (stealth).
  1105 | D:1      | 1105 ||| Stepping ~*~*~tactically~*~*~ (stealth).
  1106 | D:1      | 1106 ||| Stepping ~*~*~tactically~*~*~ (stealth).
  1108 | D:1      | 1108 ||| Stepping ~*~*~tactically~*~*~ (stealth).
  1110 | D:1      | 1110 ||| Stepping ~*~*~tactically~*~*~ (stealth).
  1196 | D:1      | Reached XP level 3. HP: 19/21 MP: 7/7
  1217 | D:1      | 1217 ||| Stepping ~*~*~tactically~*~*~ (stealth).
  1359 | D:1      | 1359 ||| DROPPING +0 whip.
  1439 | D:1      | 1439 ||| UPGRADING to +0 cloak.
  1444 | D:1      | 1444 ||| UPGRADING to +4 ring of protection.
  1445 | D:1      | 1445 ||| UPGRADING to +4 ring of evasion.
  1446 | D:1      | 1446 ||| READING scroll labelled CODIAXT DYTE.
  1447 | D:1      | 1447 ||| READING 2 scrolls labelled JUSTRA NERIPS.
  1448 | D:1      | 1448 ||| READING scroll labelled KIANUS YNLA.
  1449 | D:1      | 1449 ||| READING scroll labelled ZEHEIS MEOLI.
  1453 | D:1      | 1453 ||| DRINKING 2 inky potions.
  1453 | D:1      | Gained mutation: Your mind is acute. (Int +4, Str/Dex -1)
                  | [potion of mutation]
  1453 | D:1      | Gained mutation: You passively dampen the noise of your
                  | surroundings. [potion of mutation]
  1453 | D:1      | Gained mutation: You are weak. (Str -2) [potion of
                  | mutation]
  1454 | D:1      | 1454 ||| DROPPING scroll of blinking.
  1494 | D:2      | Reached skill level 4 in Axes
  1610 | D:2      | 1610 ||| Stepping ~*~*~tactically~*~*~ (hiding).
  2385 | D:3      | Reached XP level 4. HP: 26/26 MP: 8/8
  2458 | D:3      | Identified the ring of Saraf {Will+ Int+3}
  2878 | D:3      | 2878 ||| UPGRADING to +0 scale mail.
  2888 | D:3      | 2888 ||| DROPPING +0 leather armour.
  2889 | D:3      | 2889 ||| DROPPING ring of Saraf {Will+ Int+3}.
  2890 | D:3      | 2890 ||| DROPPING ring of ice.
  2891 | D:3      | 2891 ||| READING 2 scrolls labelled BEC ROQUCOMAI.
  2892 | D:3      | 2892 ||| READING scroll labelled DUORHI NUTYFE.
  2893 | D:3      | 2893 ||| DRINKING 3 emerald potions.
  2894 | D:3      | 2894 ||| DROPPING scroll of noise.
  2947 | D:4      | Identified the +0 robe of Weirdness {Rampage Dex+3}
  3013 | D:4      | 3013 ||| Stepping ~*~*~tactically~*~*~ (stealth).
  3014 | D:4      | 3014 ||| Stepping ~*~*~tactically~*~*~ (hiding).
  3024 | D:4      | HP: 6/26 [gnoll/+0 halberd (5)]
  3025 | D:4      | 3025 ||| READING scroll of teleportation.
  3181 | D:4      | Reached skill level 5 in Axes
  3377 | D:4      | 3377 ||| Stepping ~*~*~tactically~*~*~ (stealth).
  3406 | D:4      | Gained mutation: Your magical nature lets you fly swiftly
                  | and evasively. [Tengu growth]
  3406 | D:4      | Reached XP level 5. HP: 30/30 MP: 9/9
  3559 | D:4      | 3559 ||| Stepping ~*~*~tactically~*~*~ (stealth).
  3563 | D:4      | 3563 ||| Stepping ~*~*~tactically~*~*~ (stealth).
  3571 | D:4      | 3571 ||| Stepping ~*~*~tactically~*~*~ (stealth).
  3573 | D:4      | HP: 7/30 [gnoll/+0 club (2)]
  3576 | D:4      | Reached skill level 6 in Axes
  3867 | D:4      | HP: 3/30 [iguana (9)]
  3868 | D:4      | HP: 1/30 [iguana (2)]
  4184 | D:4      | Identified the +1 cloak "Jekluhun" {Rampage rF+ Will+++
                  | Dex-4}
  4312 | D:4      | 4312 ||| Stepping ~*~*~tactically~*~*~ (stealth).
  4315 | D:4      | 4315 ||| Stepping ~*~*~tactically~*~*~ (stealth).
  4458 | D:4      | Noticed an ice beast
  4472 | D:4      | Killed an ice beast
  4473 | D:4      | Reached skill level 7 in Axes
  4473 | D:4      | Reached XP level 6. HP: 20/35 MP: 10/10
  4640 | D:4      | 4640 ||| UPGRADING to +1 cloak "Jekluhun" {Rampage rF+
                  | Will+++ Dex-4}.
  4650 | D:4      | 4650 ||| READING scroll labelled KEWONK OTOK.
  4651 | D:4      | 4651 ||| READING scroll labelled URUUBR YFYU.
  4659 | D:5      | Entered Level 5 of the Dungeon
  4660 | D:5      | 4660 ||| PLANNING OSSUARY
  4673 | D:5      | Reached skill level 3 in Fighting
  4673 | D:5      | 4673 ||| STAIRDANCE
  4715 | D:5      | Reached XP level 7. HP: 40/41 MP: 11/11
  4734 | D:5      | 4734 ||| Stepping ~*~*~tactically~*~*~ (hiding).
  4832 | D:5      | Found a sand-covered staircase.
  4920 | Ossuary  | Entered an ossuary
  4954 | Ossuary  | HP: 5/41 [mummy (11)]
  5369 | Ossuary  | Reached skill level 8 in Axes
  5616 | Ossuary  | 5616 ||| READING scroll labelled ZICHUDU YBBARO.
  5617 | Ossuary  | 5617 ||| READING scroll labelled SIETEEH ZIAMME.
  5618 | Ossuary  | 5618 ||| DRINKING 2 murky amethyst potions.
  5619 | Ossuary  | 5619 ||| DRINKING 3 glowing pink potions.
  5636 | Ossuary  | 5636 ||| READING 5 scrolls of identify.
  5636 | Ossuary  | 5636 ||| IDENTIFYING green potion
  5637 | Ossuary  | 5637 ||| READING 4 scrolls of identify.
  5637 | Ossuary  | 5637 ||| IDENTIFYING smoky pink potion
  5638 | Ossuary  | 5638 ||| READING 3 scrolls of identify.
  5638 | Ossuary  | 5638 ||| IDENTIFYING orange potion
  5639 | Ossuary  | 5639 ||| READING 2 scrolls of identify.
  5639 | Ossuary  | 5639 ||| IDENTIFYING white potion
  5640 | Ossuary  | 5640 ||| DROPPING potion of invisibility.
  5641 | Ossuary  | 5641 ||| DROPPING 2 potions of lignification.
  5642 | Ossuary  | 5642 ||| DROPPING potion of flight.
  5643 | Ossuary  | 5643 ||| DROPPING potion of degeneration.
  5666 | D:5      | 5666 ||| PLANNING D:1-11
  5826 | D:5      | 5826 ||| Stepping ~*~*~tactically~*~*~ (stealth).
  5859 | D:5      | Found a basalt altar of Yredelemnul.
  5962 | D:5      | Noticed a steam dragon
  5974 | D:5      | HP: 8/41 [steam dragon/ball of steam (6)]
  5975 | D:5      | 5975 ||| DRINKING potion of heal wounds.
  5988 | D:5      | HP: 10/41 [steam dragon/ball of steam (4)]
  5991 | D:5      | Killed a steam dragon
  5992 | D:5      | Reached skill level 9 in Axes
  5992 | D:5      | Reached XP level 8. HP: 6/46 MP: 12/12
  6325 | D:5      | 6325 ||| Stepping ~*~*~tactically~*~*~ (hiding).
  6337 | D:5      | 6337 ||| Stepping ~*~*~tactically~*~*~ (stealth).
  6344 | D:5      | 6344 ||| Stepping ~*~*~tactically~*~*~ (stealth).
  6424 | D:5      | 6424 ||| SWAPPING to +2 hand axe of freezing.
  6425 | D:5      | 6425 ||| DROPPING +1 hand axe.
  6453 | D:5      | HP: 12/48 [poisoned by a water moccasin]
  6454 | D:5      | HP: 3/48 [water moccasin (4)]
  6455 | D:5      | Succumbed to a water moccasin's poison

Levels and vault maps discovered:
D:1:      wander_arrival_lonely_grave, layout_loops_corners,
          shapermc_ecumenical_altar_venn, minivault_19
D:2:      layout_basic, grunt_decor_one_mirror
D:3:      minmay_roachtagon, layout_basic, serial_bayou_pond_c,
          minmay_liquid_box
D:4:      layout_basic, corexii_checkpoint_a, bh_walls_and_bars
D:5:      corexii_shack_village, layout_rooms, kennysheep_mini_moat,
          gup_ossuary_entry_pyramid, minmay_manual_monolith

Skill      XL: |  1  2  3  4  5  6  7  8 |
---------------+-------------------------+-----
Axes           | 3 4 5 7 9 |  9.4
Fighting       | 3 4 |  4.1
Armour         | 2 |  2.3
Throwing       | |  1.0
Dodging        | |  2.1
Spellcasting   | |  2.0
Translocations | |  2.4

Action                   |  1- 3 |  4- 6 |  7- 9 || total
-------------------------+-------+-------+-------++-------
Melee: Hand axe          |   114 |   106 |   184 ||   404
       Kick              |    28 |    27 |    51 ||   106
       Peck              |     8 |    24 |    28 ||    60
       Punch             |       |     1 |     2 ||     3
Throw: Boomerang         |     7 |       |       ||     7
  Use: Scroll            |     4 |     5 |     6 ||    15
       Potion            |     1 |     1 |     3 ||     5
Armor: Leather armour    |    25 |    10 |       ||    35
       Scale mail        |       |    20 |    41 ||    61
Dodge: Dodged            |    76 |    56 |    81 ||   213

Table legend:
 A = Non-vault XP
 B = Vault XP
 C = Vault XP percentage of total XP
 D = Non-vault monster count
 E = Vault monster count
 F = Vault count percentage of total count
                 A         B        C        D         E       F
            +---------+---------+-------+---------+---------+-------
      Total |    1178 |     324 |  21.6 |      79 |      33 |  29.5
            +---------+---------+-------+---------+---------+-------
        D:1 |      44 |       0 |   0.0 |      27 |       0 |   0.0
        D:2 |      23 |       0 |   0.0 |      15 |       0 |   0.0
        D:3 |      11 |      20 |  64.5 |       5 |      10 |  66.7
        D:4 |     310 |       3 |   1.0 |      16 |       2 |  11.1
        D:5 |     790 |     147 |  15.7 |      16 |       5 |  23.8
    Ossuary |       0 |     154 | 100.0 |       0 |      16 | 100.0
            +---------+---------+-------+---------+---------+-------
